AoeStats
← Blasius

Migration

509380458Analyzed
1v1 RM · 5d ago on Sep 26, 2026· 50m 52s· 2 players
Game mode
Random Map
Map size
132×132
Population
200
Speed
Normal
Resources
Standard
Victory
Conquest
Starting age
Dark Age
Ending age
Imperial Age
RankedLock teamsTeams togetherTeam positionsShared explorationLock speedFull tech treeHidden civsTurbo modeCheats
Victory
Defeat
🇲🇽 Varangians · Mexico
1045
+17
🇦🇹 Bulgarians · Austria
1072
-17
Mezcalito
2:11 Loom
13:13 Feudal Age
14:10 Double-Bit Axe
16:04 Town Watch
18:58 Castle Age
18:07 Forging
32:02 Fletching
34:11 Bodkin Arrow
38:34 Gold Mining
43:18 Imperial Age
49:04 Capped Ram
Blasius
0:56 Loom
12:11 Feudal Age
15:55 Castle Age
17:18 Wheelbarrow
20:11 Fletching
22:06 Hand Cart
25:58 Bodkin Arrow
36:31 Murder Holes
40:50 Imperial Age
42:45 Bracer
42:56 Forging
42:52 Scale Barding Armor
43:02 Masonry
44:58 Chain Barding Armor
45:16 Iron Casting
Connection lost

Rejoining the realm…

Still unreachable

The connection could not be restored.

Session expired

The server has moved on; the page needs a fresh start.